| TOP OF THE 1ST |
|
Buffalo Bisons batting - Pitching for Toledo Mud Hens : RHP Douglas Mathey
|
|
Pitching: RHP Douglas Mathey
|
|
|
Batting: RHB Juan Villa
|
0-0: Fly out, F9 (Flyball, 9S, EV 86.9 MPH)
|
|
Batting: LHB Gene Krug
|
0-0: Foul Ball, location: 2F 0-1: Ground out 4-3 (Groundball, 4M, EV 80.6 MPH)
|
|
Batting: SHB George D Wright
|
0-0: Ball 1-0: Ball 2-0: Foul Ball, location: 2F 2-1: Ground out 3-1 (Groundball, 34S, EV 84.4 MPH)
|
| Top of the 1st over - 0 runs, 0 hits, 0 errors, 0 left on base; Buffalo 0 - Toledo 0 |
| BOTTOM OF THE 1ST |
|
Toledo Mud Hens batting - Pitching for Buffalo Bisons : RHP Gary Hartsock
|
|
Pitching: RHP Gary Hartsock
|
|
|
Batting: LHB Larry Harlow
|
0-0: Foul Ball, location: 2F 0-1: Ball 1-1: Ball 2-1: Swinging Strike 2-2: Foul Ball, location: 2F 2-2: Fly out, F9 (Flyball, 9LS, EV 83.1 MPH)
|
|
Batting: RHB Don Lyle
|
0-0: Ball 1-0: Ball 2-0: Ball 3-0: Called Strike 3-1: Base on Balls
|
|
Batting: SHB Ken Henderson
|
0-0: Ball 1-0: Foul Ball, location: 2F 1-1: Ball 2-1: Ball 3-1: Called Strike 3-2: Foul Ball, location: 2F 3-2: Fly out, F7 (Flyball, 7S, EV 85.0 MPH)
|
|
Batting: RHB Dave Kingman
|
0-0: Ball 1-0: Ball 2-0: Called Strike 2-1: Fielders Choice at 2nd, 5-4 (Groundball, 5L, EV 80.6 MPH)
|
| Bottom of the 1st over - 0 runs, 0 hits, 0 errors, 1 left on base; Buffalo 0 - Toledo 0 |
| TOP OF THE 2ND |
|
Buffalo Bisons batting - Pitching for Toledo Mud Hens : RHP Douglas Mathey
|
|
Batting: RHB Philip Klimas
|
0-0: Ball 1-0: SINGLE (Groundball, 6MD, EV 94.4 MPH)
|
|
Batting: LHB Phillip Baskerville
|
0-0: Swinging Strike 0-1: Grounds into double play, 4-6-3 (Groundball, 4, EV 96.9 MPH)
|
|
Batting: RHB Bill Bathe
|
0-0: Called Strike 0-1: Foul Ball, location: 2F 0-2: Ball 1-2: Ground out 6-3 (Groundball, 6S, EV 85.6 MPH)
|
| Top of the 2nd over - 0 runs, 1 hit, 0 errors, 0 left on base; Buffalo 0 - Toledo 0 |
| BOTTOM OF THE 2ND |
|
Toledo Mud Hens batting - Pitching for Buffalo Bisons : RHP Gary Hartsock
|
|
Batting: LHB Ron Diggle
|
0-0: Ground out 6-3 (Groundball, 6M, EV 91.3 MPH)
|
|
Batting: RHB Joey McEndree
|
0-0: Foul Ball, location: 2F 0-1: Foul Ball, location: 2F 0-2: Foul Ball, location: 2F 0-2: Ball 1-2: Ball 2-2: Fly out, F6 (Popup, 6MS, EV 63.1 MPH)
|
|
Batting: RHB Dennis Odom
|
0-0: Ground out 6-3 (Groundball, 6, EV 100.0 MPH)
|
| Bottom of the 2nd over - 0 runs, 0 hits, 0 errors, 0 left on base; Buffalo 0 - Toledo 0 |
| TOP OF THE 3RD |
|
Buffalo Bisons batting - Pitching for Toledo Mud Hens : RHP Douglas Mathey
|
|
Batting: LHB Bob Skube
|
0-0: Called Strike 0-1: Foul Ball, location: 2F 0-2: Strikes out looking
|
|
Batting: RHB Pat Keedy
|
0-0: Ball 1-0: Foul Ball, location: 2F 1-1: Called Strike 1-2: Foul Ball, location: 2F 1-2: Ground out 3-1 (Groundball, 34, EV 108.8 MPH)
|
|
Batting: RHB Nicholas Kintz
|
0-0: Foul Ball, location: 2F 0-1: Ball 1-1: SINGLE (Groundball, 3D, EV 103.1 MPH)
|
|
Batting: RHB Juan Villa
|
0-0: Called Strike 0-1: Called Strike 0-2: Ball 1-2: Ball 2-2: Ball 3-2: Ground out 4-3 (Groundball, 4, EV 88.8 MPH)
|
| Top of the 3rd over - 0 runs, 1 hit, 0 errors, 1 left on base; Buffalo 0 - Toledo 0 |
| BOTTOM OF THE 3RD |
|
Toledo Mud Hens batting - Pitching for Buffalo Bisons : RHP Gary Hartsock
|
|
Batting: LHB George LaCoe
|
0-0: Called Strike 0-1: Ground out U3 (Groundball, 34, EV 93.8 MPH)
|
|
Batting: RHB Gary Allenson
|
0-0: Ball 1-0: Ball 2-0: Ball 3-0: Called Strike 3-1: Swinging Strike 3-2: Strikes out swinging
|
|
Batting: LHB Larry Harlow
|
0-0: Foul Ball, location: 2F 0-1: Bunt for hit to 2R - play at first, batter OUT! 2-3
|
| Bottom of the 3rd over - 0 runs, 0 hits, 0 errors, 0 left on base; Buffalo 0 - Toledo 0 |
| TOP OF THE 4TH |
|
Buffalo Bisons batting - Pitching for Toledo Mud Hens : RHP Douglas Mathey
|
|
Batting: LHB Gene Krug
|
0-0: Called Strike 0-1: Foul Ball, location: 2F 0-2: Foul Ball, location: 2F 0-2: Strikes out swinging, 2-3 out at first.
|
|
Batting: SHB George D Wright
|
0-0: Ball 1-0: Called Strike 1-1: Fly out, F6 (Popup, 6MS, EV 68.1 MPH)
|
|
Batting: RHB Philip Klimas
|
0-0: Called Strike 0-1: Foul Ball, location: 2F 0-2: Foul Ball, location: 2F 0-2: Foul Ball, location: 2F 0-2: Fly out, F9 (Flyball, 9LM, EV 90.6 MPH)
|
| Top of the 4th over - 0 runs, 0 hits, 0 errors, 0 left on base; Buffalo 0 - Toledo 0 |
| BOTTOM OF THE 4TH |
|
Toledo Mud Hens batting - Pitching for Buffalo Bisons : RHP Gary Hartsock
|
|
Batting: RHB Don Lyle
|
0-0: Fly out, F8 (Flyball, 8LD, EV 85.6 MPH)
|
|
Batting: SHB Ken Henderson
|
0-0: Called Strike 0-1: Ball 1-1: Called Strike 1-2: Ground out 3-1 (Groundball, 34S, EV 91.9 MPH)
|
|
Batting: RHB Dave Kingman
|
0-0: Ball 1-0: Ball 2-0: Fly out, F8 (Flyball, 8RXD, EV 105.0 MPH)
|
| Bottom of the 4th over - 0 runs, 0 hits, 0 errors, 0 left on base; Buffalo 0 - Toledo 0 |
| TOP OF THE 5TH |
|
Buffalo Bisons batting - Pitching for Toledo Mud Hens : RHP Douglas Mathey
|
|
Batting: LHB Phillip Baskerville
|
0-0: Ground out U3 (Groundball, 34, EV 104.4 MPH)
|
|
Batting: RHB Bill Bathe
|
0-0: Fly out, F8 (Flyball, 8LD, EV 85.6 MPH)
|
|
Batting: LHB Bob Skube
|
0-0: Ball 1-0: Ball 2-0: Called Strike 2-1: Ball 3-1: Base on Balls
|
|
Batting: RHB Pat Keedy
|
0-0: Ball 1-0: Called Strike 1-1: Ball 2-1: Called Strike 2-2: Fly out, F9 (Flyball, 89S, EV 96.3 MPH)
|
| Top of the 5th over - 0 runs, 0 hits, 0 errors, 1 left on base; Buffalo 0 - Toledo 0 |
| BOTTOM OF THE 5TH |
|
Toledo Mud Hens batting - Pitching for Buffalo Bisons : RHP Gary Hartsock
|
|
Batting: LHB Ron Diggle
|
0-0: Ground out U3 (Groundball, 34S, EV 66.3 MPH)
|
|
Batting: RHB Joey McEndree
|
0-0: Foul Ball, location: 2F 0-1: Called Strike 0-2: Ground out 6-3 (Groundball, 6S, EV 89.4 MPH)
|
|
Batting: RHB Dennis Odom
|
0-0: Ground out 6-3 (Groundball, 6, EV 80.0 MPH)
|
| Bottom of the 5th over - 0 runs, 0 hits, 0 errors, 0 left on base; Buffalo 0 - Toledo 0 |
| TOP OF THE 6TH |
|
Buffalo Bisons batting - Pitching for Toledo Mud Hens : RHP Douglas Mathey
|
|
Batting: RHB Nicholas Kintz
|
0-0: Foul Ball, location: 2F 0-1: Swinging Strike 0-2: Ball 1-2: TRIPLE (Flyball, 78XD, EV 89.4 MPH)
|
|
Batting: RHB Juan Villa
|
0-0: Intentional Walk
|
|
Batting: LHB Gene Krug
|
0-0: Ball 1-0: Ball 2-0: Foul Ball, location: 2F 2-1: Ball 3-1: Base on Balls Juan Villa to second
|
|
Batting: SHB George D Wright
|
0-0: Called Strike 0-1: Grounds into fielders choice 5-2 (Groundball, 5S, EV 74.4 MPH) Juan Villa to third Gene Krug to second
|
|
Batting: RHB Philip Klimas
|
0-0: Swinging Strike 0-1: Ball 1-1: Foul Ball, location: 2F 1-2: Strikes out swinging
|
|
Batting: LHB Phillip Baskerville
|
0-0: Called Strike 0-1: Fly out, F7 (Flyball, 78S, EV 93.1 MPH)
|
| Top of the 6th over - 0 runs, 1 hit, 0 errors, 3 left on base; Buffalo 0 - Toledo 0 |
| BOTTOM OF THE 6TH |
|
Toledo Mud Hens batting - Pitching for Buffalo Bisons : RHP Gary Hartsock
|
|
Batting: LHB George LaCoe
|
0-0: SINGLE (Flyball, 6D, EV 91.3 MPH)
|
|
Batting: RHB Gary Allenson
|
0-0: Grounds into double play, 4-6-3 (Groundball, 34S, EV 88.1 MPH)
|
|
Batting: LHB Larry Harlow
|
0-0: Ball 1-0: Ball 2-0: Called Strike 2-1: Ground out 4-3 (Groundball, 4, EV 85.6 MPH)
|
| Bottom of the 6th over - 0 runs, 1 hit, 0 errors, 0 left on base; Buffalo 0 - Toledo 0 |
| TOP OF THE 7TH |
|
Buffalo Bisons batting - Pitching for Toledo Mud Hens : RHP Douglas Mathey
|
|
Batting: RHB Bill Bathe
|
0-0: Ball 1-0: Foul Ball, location: 2F 1-1: Foul Ball, location: 2F 1-2: Strikes out swinging
|
|
Batting: LHB Bob Skube
|
0-0: Fly out, F8 (Flyball, 8RS, EV 79.4 MPH)
|
|
Batting: RHB Pat Keedy
|
0-0: SINGLE (Groundball, 56D, EV 94.4 MPH)
|
|
Batting: RHB Nicholas Kintz
|
0-0: Ball 1-0: Called Strike 1-1: Foul Ball, location: 2F 1-2: Strikes out looking
|
| Top of the 7th over - 0 runs, 1 hit, 0 errors, 1 left on base; Buffalo 0 - Toledo 0 |
| BOTTOM OF THE 7TH |
|
Toledo Mud Hens batting - Pitching for Buffalo Bisons : RHP Gary Hartsock
|
|
Batting: RHB Don Lyle
|
0-0: Ground out 5-3 (Groundball, 56S, EV 87.5 MPH)
|
|
Batting: SHB Ken Henderson
|
0-0: Ball 1-0: Called Strike 1-1: Fly out, F8 (Flyball, 8LD, EV 91.3 MPH)
|
|
Batting: RHB Dave Kingman
|
0-0: Ball 1-0: Ball 2-0: Ball 3-0: Base on Balls
|
|
Batting: LHB Ron Diggle
|
0-0: Foul Ball, location: 2F 0-1: Ball 1-1: DOUBLE (Line Drive, 3D, EV 108.8 MPH) Dave Kingman to third Runner from 3rd tries for Home, SAFE, throw by RF to home
|
|
Batting: RHB Joey McEndree
|
0-0: Ball 1-0: Called Strike 1-1: Ball 2-1: Called Strike 2-2: Foul Ball, location: 2F 2-2: Ball 3-2: Ground out 4-3 (Groundball, 4, EV 91.9 MPH)
|
| Bottom of the 7th over - 1 run, 1 hit, 0 errors, 1 left on base; Buffalo 0 - Toledo 1 |
| TOP OF THE 8TH |
|
Buffalo Bisons batting - Pitching for Toledo Mud Hens : RHP Douglas Mathey
|
|
Batting: RHB Juan Villa
|
0-0: Ball 1-0: Foul Ball, location: 2F 1-1: Foul Ball, location: 2F 1-2: Fly out, F4 (Line Drive, 4, EV 75.0 MPH)
|
|
Batting: LHB Gene Krug
|
0-0: Called Strike 0-1: Ball 1-1: Ball 2-1: Ground out 4-3 (Groundball, 4S, EV 72.5 MPH)
|
|
Batting: SHB George D Wright
|
0-0: Foul Ball, location: 2F 0-1: Fly out, F8 (Flyball, 8RM, EV 95.0 MPH)
|
| Top of the 8th over - 0 runs, 0 hits, 0 errors, 0 left on base; Buffalo 0 - Toledo 1 |
| BOTTOM OF THE 8TH |
|
Toledo Mud Hens batting - Pitching for Buffalo Bisons : RHP Gary Hartsock
|
|
Batting: RHB Dennis Odom
|
0-0: Foul Ball, location: 2F 0-1: Ball 1-1: Swinging Strike 1-2: Foul Ball, location: 2F 1-2: Ball 2-2: Ball 3-2: SINGLE (Flyball, 5D, EV 88.1 MPH)
|
|
Batting: LHB George LaCoe
|
0-0: Bunt missed! 0-1: Ball Dennis Odom is caught stealing 2nd base 2-6 1-1: Called Strike 1-2: Fly out, F6 (Popup, 6MS, EV 30.6 MPH)
|
|
Batting: RHB Gary Allenson
|
0-0: SINGLE (Line Drive, 9S, EV 98.8 MPH)
|
|
Batting: LHB Larry Harlow
|
0-0: Ball 1-0: Swinging Strike 1-1: Ball 2-1: Ball 3-1: Foul Ball, location: 2F 3-2: Fly out, F7 (Line Drive, 7D, EV 92.5 MPH)
|
| Bottom of the 8th over - 0 runs, 2 hits, 0 errors, 1 left on base; Buffalo 0 - Toledo 1 |
| TOP OF THE 9TH |
|
Buffalo Bisons batting - Pitching for Toledo Mud Hens : RHP Douglas Mathey
|
|
Now at 1B: Gorman Thomas
|
|
|
Pinch Hitting: LHB Doe Boyland
|
0-0: Ball 1-0: Ground out 4-3 (Groundball, 4S, EV 76.9 MPH)
|
|
Batting: LHB Phillip Baskerville
|
0-0: Ball 1-0: Foul Ball, location: 2F 1-1: Foul Ball, location: 2F 1-2: Ball 2-2: Hit by Pitch
|
|
Batting: RHB Bill Bathe
|
0-0: Fly out, F7 (Flyball, 78S, EV 86.3 MPH)
|
|
Batting: LHB Bob Skube
|
0-0: Ball 1-0: Reached on error, E4 (Groundball, 34S, EV 85.6 MPH) Phillip Baskerville to second
|
|
Pinch Hitting: LHB Gary Rajsich
|
0-0: Ball 1-0: Ball 2-0: Fly out, F7 (Flyball, 7LS, EV 93.1 MPH)
|
| Top of the 9th over - 0 runs, 0 hits, 1 error, 2 left on base; Buffalo 0 - Toledo 1 |
|